 Dungeon Crawl Stone Soup version 0.26-b1-32-g5d43845318 (webtiles) character file.

Game seed: 16169708403302818914

716 MisterFreud the Sneak (level 7, -3/41 HPs)
             Began as an Octopode Earth Elementalist on Jan 12, 2021.
             Was a Follower of Makhleb.
             Slain by a wyvern (13 damage)
             ... on level 5 of the Dungeon.
             The game lasted 00:04:48 (5381 turns).

MisterFreud the Sneak (Octopode Earth Elementalist) Turns: 5381, Time: 00:04:49

Health: -3/41      AC:  1    Str:  7    XL:     7   Next: 69%
Magic:  5/10       EV: 13    Int: 19    God:    Makhleb [*.....]
Gold:   362        SH:  0    Dex: 13    Spells: 9/10 levels left

rFire    + . .     SeeInvis .   l - +2 dagger (protect)
rCold    . . .     Faith    +   (no shield)
rNeg     . . .     Spirit   .   (helmet restricted)
rPois    .         Reflect  .   i - amulet of faith
rElec    .         Harm     .   j - ring of protection from fire
rCorr    .         Rampage  .   (no ring)
Will     .....                  (no ring)
Stlth    ++++......             (no ring)
HPRegen  0.13/turn              (no ring)
MPRegen  0.12/turn              (no ring)
                                (no ring)
                                (no ring)

@: no status effects
A: almost no armour, stealthy swim, amphibious, 8 rings, constrict 8, camouflage
1, gelatinous body 1
a: Renounce Religion


You were on level 5 of the Dungeon.
You worshipped Makhleb.
Makhleb was aware of your devotion.
You visited 1 branch of the dungeon, and saw 5 of its levels.

You collected 362 gold pieces.

Inventory:

Hand Weapons
 c - a +0 short sword
 l - a +2 dagger of protection (weapon)
Missiles
 b - 169 stones (quivered)
Jewellery
 i - an amulet of faith (around mantle)
 j - a ring of protection from fire (left tentacle)
Scrolls
 f - a scroll of random uselessness {unknown}
 g - 4 scrolls of identify {unknown}
 h - 2 scrolls of blinking {unknown}
 m - 2 scrolls of noise {unknown}
 n - 4 scrolls of remove curse {unknown}
 p - 4 scrolls of fear {unknown}
 r - a scroll of enchant weapon {unknown}
 s - a scroll of teleportation {unknown}
Potions
 a - 3 potions of haste {unknown}
 d - 4 potions of heal wounds
 e - a potion of attraction {unknown}
 k - 4 potions of mutation {unknown}
 o - 3 potions of brilliance {unknown}
 q - 2 potions of curing {unknown}
 t - a potion of degeneration {unknown}


   Skills:
 + Level 5.9 Short Blades
 - Level 2.0 Dodging
 - Level 6.0 Stealth
 - Level 2.0 Spellcasting
 - Level 1.0 Transmutations
 - Level 5.0 Earth Magic


You had 9 spell levels left.
You knew the following spells:

 Your Spells              Type           Power        Failure   Level
a - Sandblast             Erth           40%          2%          1

Your spell library contained the following spells:

 Spells                   Type           Power        Failure   Level
 Passwall                 Tmut/Erth      10%          8%          2
 Magic Dart               Conj           4%           17%         1
 Stone Arrow              Conj/Erth      22%          19%         3
 Blink                    Tloc           N/A          26%         2
 Call Imp                 Summ           1%           26%         2
 Slow                     Hex            1%           26%         2
 Petrify                  Tmut/Erth      13%          43%         4
 Conjure Flame            Conj/Fire      1%           45%         3
 Mephitic Cloud           Conj/Pois/Air  1%           45%         3
 Lee's Rapid Deconstruct  Erth           10%          52%         5


Dungeon Overview and Level Annotations

Branches:
Dungeon (5/15)
 Temple: D:4-7

Altars:
Gozag
Hepliaklqana
Makhleb
Okawaru
Ru
Uskayaw
Vehumet
Yredelemnul
Zin
The Shining One

Shops:
D:5 (

Annotations:
D:5 3 runed translucent doors, skk's ghost, novice FoFi


Innate Abilities, Weirdness & Mutations

You cannot wear most types of armour.
You are very stealthy in the water. (Stealth+)
You are amphibious.
You can wear up to eight rings at the same time.
You can use your tentacles to constrict eight enemies at once.
Your skin changes colour to match your surroundings (Stealth+).
Your rubbery body absorbs attacks. (AC +1, EV +1)


Message History

Confirm with . or Enter, or press ? or * to list all spells.
Aiming: Sandblast (safe; 2% risk of failure)
Press: ? - help, Shift-Dir - straight line, f/p - wyvern
Aim: a wyvern (heavily wounded, 19% to evade)
The blast of sand hits the wyvern.
The wyvern is heavily wounded.
b - 170 stones The wyvern misses you.
Casting: Sandblast (safe; 2% risk of failure)
Confirm with . or Enter, or press ? or * to list all spells.
Aiming: Sandblast (safe; 2% risk of failure)
Press: ? - help, Shift-Dir - straight line, f/p - wyvern
Aim: a wyvern (heavily wounded, 19% to evade)
The blast of sand hits the wyvern but does no damage.
The wyvern is heavily wounded.
b - 169 stones The wyvern bites you!
* * * LOW HITPOINT WARNING * * *
The wyvern bites you!
You die...

#... .......
#...#.......
#...#.......
#...#..... . ####
#........... #...
#......#..># #...
#....(.....#
#...##...@l.....#
#........##...###
#......## ..#
#..∩...# .# #......#
# #......# #
#......# #...###.###
#.#.###.############
.


You could see a wyvern.

Vanquished Creatures
  A phantom (D:4)
  2 ogres (D:5)
  A jelly (D:5)
  A centaur zombie (D:5)
  An orc priest (D:4)
  2 hounds
  A gnoll shaman (D:5)
  A worker ant (D:5)
  5 adders
  5 gnolls (D:5)
  An ufetubus (D:5)
  An ooze (D:1)
  An adder skeleton (D:5)
  4 worms
  16 dart slugs
  7 leopard geckos
  8 orcs
  3 giant cockroaches
  6 goblins
  9 hobgoblins
  5 jackals
  3 ball pythons (D:5)
  10 bats
  3 frilled lizards
  9 kobolds
  6 rats
112 creatures vanquished.

Notes
Turn   | Place    | Note
-------+----------+-------------------------------------------
     0 | D:1      | MisterFreud the Octopode Earth Elementalist began the quest
                  | for the Orb.
     0 | D:1      | Reached XP level 1. HP: 11/11 MP: 3/3
   674 | D:1      | Reached XP level 2. HP: 1/17 MP: 3/5
  1399 | D:1      | Reached XP level 3. HP: 9/21 MP: 6/6
  2351 | D:2      | Reached XP level 4. HP: 15/27 MP: 7/7
  2584 | D:2      | Found a faded altar of an unknown god.
  2597 | D:2      | Reached skill level 3 in Stealth
  2951 | D:3      | Reached skill level 1 in Short Blades
  2961 | D:3      | Found a hazy altar of Hepliaklqana.
  3349 | D:3      | Reached XP level 5. HP: 31/31 MP: 8/8
  3357 | D:3      | Reached skill level 5 in Earth Magic
  3729 | D:4      | Found a hide-covered altar of Uskayaw.
  3740 | D:4      | Reached skill level 4 in Stealth
  3798 | D:4      | Found a sacrificial altar of Ru.
  3876 | D:4      | Noticed a phantom
  3899 | D:4      | Killed a phantom
  3900 | D:4      | Reached skill level 5 in Stealth
  3900 | D:4      | Reached XP level 6. HP: 26/36 MP: 9/9
  4004 | D:4      | Found a burning altar of Makhleb.
  4118 | D:4      | Became a worshipper of Makhleb the Destroyer
  4224 | D:4      | Found a radiant altar of Vehumet.
  4230 | D:4      | Found an iron altar of Okawaru.
  4291 | D:4      | Found an opulent altar of Gozag.
  4292 | D:4      | Found a glowing silver altar of Zin.
  4293 | D:4      | Found a glowing golden altar of the Shining One.
  4654 | D:5      | Entered Level 5 of the Dungeon
  4697 | D:5      | Found a runed translucent gate.
  4697 | D:5      | Found a runed translucent gate.
  4697 | D:5      | Found a runed translucent gate.
  4830 | D:5      | Reached skill level 6 in Stealth
  4867 | D:5      | Noticed an ice beast
  4885 | D:5      | Reached XP level 7. HP: 41/41 MP: 10/10
  4886 | D:5      | Found a basalt altar of Yredelemnul.
  4956 | D:5      | Noticed skk's ghost (novice FoFi)
  5006 | D:5      | Reached skill level 5 in Short Blades
  5135 | D:5      | Reached * piety under Makhleb
  5341 | D:5      | Found Paisk's Antique Weapon Shoppe.
  5367 | D:5      | Noticed a wyvern
  5381 | D:5      | Slain by a wyvern

Illustrated notes

Levels and vault maps discovered:
D:1:      ncdulo_lavacross, layout_basic, minmay_pentomino_u2
D:2:      layout_loops_cross, chequers_ecumenical_altar_grove,
          minmay_misc_feat_encased, nrook_mini_vaults
D:3:      layout_loops_cross, nzn_hepliaklqana_mist_gate
D:4:      layout_loops_cross, lemuel_round_altar, lemuel_doored_altar,
          lemuel_round_altar, grunt_temple_overflow_open,
          chequers_temple_overflow_statue_of_worship, feat_on_display
D:5:      kennysheep_slugbush, layout_basic, old_standard_altar,
          old_standard_altar, serial_shops, shop, kennysheep_little_box,
          nicolae_shop_stone, nicolae_shop_trees, gammafunk_ghost_icy,
          saegor_snake_ambush

Skill      XL: |  1  2  3  4  5  6  7 |
---------------+----------------------+-----
Earth Magic    | 4 5 |  5.0
Stealth        | 3 5 6 |  6.0
Short Blades   | 1 2 4 5 |  5.9
Dodging        | |  2.0
Spellcasting   | |  2.0
Transmutations | |  1.0

Action                   |  1- 3 |  4- 6 |  7- 9 || total
-------------------------+-------+-------+-------++-------
Melee: Short sword       |    64 |       |       ||    64
       Constrict         |    20 |    31 |    17 ||    68
       Unarmed           |     4 |       |       ||     4
       Tentacles         |    16 |    22 |    16 ||    54
       Dagger            |    21 |   129 |    77 ||   227
 Cast: Sandblast         |     8 |     2 |     5 ||    15
  Use: Potion            |       |       |     1 ||     1
 Stab: Sleeping          |     3 |    14 |     5 ||    22
       Distracted        |       |       |     1 ||     1
Armor: Skin              |    13 |    25 |    11 ||    49
Dodge: Dodged            |    66 |    63 |    34 ||   163
